 Dungeon Crawl Stone Soup version 0.31-a0-986-g5e6e4ef867 (webtiles) character file.

Game seed: 14849932370623590061

9298 Crabhammer the Martial Artist (level 11, -9/68 HPs)
             Began as an Octopode Hedge Wizard on Nov 23, 2023.
             Was a Believer of Wu Jian.
             Mangled by a slime creature (13 damage)
             ... on level 10 of the Dungeon on Nov 24, 2023.
             The game lasted 01:05:47 (13745 turns).

Crabhammer the Martial Artist (OpHW)               Turns: 13745, Time: 01:05:48

Health: -9/68      AC:  9    Str:  9    XL:     11   Next: 44%
Magic:  12/20      EV: 18    Int: 16    God:    Wu Jian [**....]
Gold:   1145       SH:  0    Dex: 17    Spells: 11/22 levels left

rFire   . . .        t - +2 dagger (venom)
rCold   . . .        y - orb {light}
rNeg    . . .        b - melded +1 hat
rPois   .            D - amulet of faith
rElec   .            a - +4 ring of protection
rCorr   .            f - +4 ring of protection
SInv    .            k - ring of flight
Will    .....        q - +5 ring of evasion
Stlth   ++           (no ring)
HPRegen 0.31/turn    (no ring)
MPRegen 0.17/turn    (no ring)
                     (no ring)

%: faith
@: beast-form, flying, glowing, studying Fighting
A: beast (slay +4), almost no armour, amphibious, 8 rings, camouflage 1,
gelatinous body 1, (nimble swimmer 1), tentacles
a: Begin Untransformation, Renounce Religion, Wall Jump


You were on level 10 of the Dungeon.
You worshipped Wu Jian.
Wu Jian was pleased with you.
You were a hulking beast.
You visited 2 branches of the dungeon, and saw 11 of its levels.
You also visited: Bailey.

You collected 1310 gold pieces.
You spent 165 gold pieces at shops.

Inventory:

Hand Weapons
 t - a +2 dagger of venom (weapon)
Armour
 b - a +1 hat (melded)
 y - an orb of light (worn)
Jewellery
 a - a +4 ring of protection (left tentacle)
 d - an amulet of the acrobat
 f - a +4 ring of protection (right tentacle)
 k - a ring of flight (on tentacle)
 q - a +5 ring of evasion (on tentacle)
 D - an amulet of faith (around mantle)
Talismans
 g - a beast talisman (active)
 i - a flux talisman
Wands
 n - a wand of charming (23)
 v - a wand of quicksilver (4)
 B - a wand of roots (10)
 C - a wand of flame (19)
Scrolls
 h - a scroll of fog
 m - a scroll of enchant armour
 o - 2 scrolls of teleportation
 r - 3 scrolls of identify
 x - a scroll of immolation
 E - a scroll of poison
 F - a scroll of blinking
Potions
 c - 2 potions of magic
 e - 2 potions of heal wounds
 j - 5 potions of curing
 l - a potion of cancellation
 p - a potion of mutation
 s - 3 potions of resistance
 u - a potion of invisibility
 w - 2 potions of haste
 A - a potion of enlightenment


   Skills:
 + Level 3.7 Fighting
 - Level 2.0 Dodging
 - Level 2.6 Stealth
 * Level 9.5 Unarmed Combat
 - Level 6.4 Spellcasting
 + Level 3.2 Conjurations
 - Level 4.7 Summonings
 + Level 4.2 Translocations
 + Level 3.5 Air Magic
 + Level 4.5 Poison Magic
 * Level 8.7 Shapeshifting


You had 11 spell levels left.
You knew the following spells:

 Your Spells              Type           Power      Damage    Failure   Level
a - Magic Dart            Conj           60%        1d6       3%          1
b - Blink                 Tloc           36%        N/A       3%          2
c - Call Imp              Summ           40%        N/A       2%          2
d - Mephitic Cloud        Conj/Pois/Air  17%        N/A       9%          3
e - Call Canine Familiar  Summ           20%        N/A       5%          3

Your spell library contained the following spells:

 Spells                   Type           Power      Damage    Failure   Level
 Summon Small Mammal      Summ           80%        N/A       1%          1
 Cigotuvi's Dreadful Rot  Necr/Pois/Air  26%        N/A       7%          2
 Slow                     Hex            20%        N/A       13%         1
 Summon Guardian Golem    Hex/Summ       12%        N/A       16%         3
 Sublimation of Blood     Necr           5%         N/A       21%         2
 Petrify                  Tmut/Erth      5%         N/A       78%         4
 Irradiate                Conj/Tmut      5%         3d13      88%         5


Dungeon Overview and Level Annotations

Branches:
Dungeon (10/15)            Temple (1/1) D:7            Lair (0/5) D:10
 Bailey (visited)
    Orc: D:9-12

Altars:
Ashenzari
Cheibriados
Elyvilon
Fedhas
Gozag
Hepliaklqana
Kikubaaqudgha
Makhleb
Nemelex Xobeh
Okawaru
Qazlal
Ru
Sif Muna
Trog
Uskayaw
Vehumet
Wu Jian
Xom
Yredelemnul
Zin
The Shining One

Shops:
D:4 :   D:7 *   D:9 *


Innate Abilities, Weirdness & Mutations

You are a hulking beast.
Your limbs bulge with bestial killing power. (Slay +4)
You cannot wear most types of armour.
You are amphibious.
You can wear up to eight rings at the same time.
Your skin changes colour to match your surroundings (Stealth+).
Your rubbery body absorbs attacks. (AC +1, EV +1)
((You are camouflaged when in or above water. (Stealth+)))
You have tentacles for arms and can constrict up to eight enemies at once.


Message History

Your cerulean imp dies!
Your cerulean imp disappears in a puff of smoke!
Things that are here:
a +0 dagger; a +0 robe; an orc corpse Your hound barely misses the large slime creature.
Casting: Call Canine Familiar (dangerous; 5% risk of failure)
Confirm with . or Enter, or press ? or * to list all spells.
A tiny devil pulls itself out of the air.
Your hound bites the large slime creature.
You lunge at the large slime creature.
You hit the large slime creature.
The large slime creature is heavily wounded.
Your hound bites the large slime creature.
The large slime creature hits you!!
The orc hits your hound with a +2 heavy mace!
Your cerulean imp hits the large slime creature from afar with a -2 spear.
Your hound bites the large slime creature.
Things that are here:
a +0 dagger; a +0 robe; an orc corpse Your hound bites the large slime creature.
The orc hits your hound with a +2 heavy mace.
Your hound dies!
Your hound's corpse disappears in a puff of smoke!
Your cerulean imp hits the large slime creature but does no damage.
The large slime creature looks more healthy.
Your cerulean imp hits the large slime creature from afar with a -2 spear.
Your cerulean imp hits the large slime creature with a -2 spear.
The large slime creature attacks as it pursues you!
The large slime creature hits you!!!
Ouch! That really hurt!
* * * LOW HITPOINT WARNING * * *
Your cerulean imp hits the large slime creature but does no damage.
As you read the scroll of fear, it crumbles to dust.
You assume a fearsome visage.
The orc looks frightened!
The large slime creature resists with some effort.
The orc howls, "Help!"
A large slime creature splits.
Your cerulean imp hits the slime creature from afar with a -2 spear.
The slime creature attacks as it pursues you!
The slime creature hits you!
You die...

....# #.# .# .##.#
#o#####'#. .##.###
#†........ ###...#
#)........ ......####
#..5...... ####.....##
#......... ###
#.#....#### #.J.......
#..
#.#.......####J#######.
#.#
####.#...###..).h>......#
#<. .)h..#####
############.# #.# ######
#.. ###


You could see 2 slime creatures, an orc (fleeing) and a friendly cerulean imp
(summoned).

Vanquished Creatures
  Pikel (D:8)
  2 orc knights (Bailey)
  Maggie (D:10)
  2 hornets
  2 trolls (D:10)
  Sigmund (D:2)
  A slime creature (D:10)
  2 wyverns
  6 yaks (D:9)
  A vampire mosquito (D:9)
  A warg (D:10)
  2 acid dragons
  2 water moccasins (D:7)
  11 orc warriors
  An ice beast (D:7)
  4 black bears
  3 centaurs
  An ogre (D:5)
  A phantom (D:5)
  A bullfrog (D:9)
  A gnoll sergeant (D:9)
  5 scorpions
  2 wights
  4 killer bees (D:8)
  4 howler monkeys
  3 hounds
  A jelly (D:5)
  4 orc priests
  A sleepcap (D:5)
  An iguana (D:5)
  Natasha (thrice) (D:3)
  Terence (D:2)
  10 orc wizards
  5 adders
  2 gnolls (D:9)
  3 worms
  5 dart slugs
  22 orcs
  4 endoplasms
  6 goblins
  2 hobgoblins
  5 jackals
  3 quokkas
  10 ball pythons
  4 bats (D:1)
  2 frilled lizards (D:2)
  7 kobolds
  6 rats
172 creatures vanquished.

Vanquished Creatures (collateral kills)
  A vampire mosquito (D:9)
  A black bear (D:5)
  2 orc warriors
  A kobold brigand (D:8)
  2 scorpions
  A bullfrog (D:5)
  5 wights
  A howler monkey (D:7)
  2 jellies
  A hound (D:5)
  Jessica (D:3)
  2 orc wizards
  A sleepcap (D:5)
  An iguana (D:5)
  3 gnolls (D:9)
  An adder (D:6)
  3 worms
  15 orcs
  An endoplasm (D:4)
  2 hobgoblins (D:4)
  2 kobolds (D:8)
  A quokka (D:3)
50 creatures vanquished.

Grand Total: 222 creatures vanquished

Notes
Turn   | Place    | Note
-------+----------+-------------------------------------------
     0 | D:1      | Crabhammer the Octopode Hedge Wizard began the quest for
                  | the Orb.
     0 | D:1      | Reached XP level 1. HP: 11/11 MP: 4/4
   230 | D:1      | Found a faded altar of an unknown god.
   459 | D:1      | Reached XP level 2. HP: 17/17 MP: 1/6
   807 | D:1      | Reached skill level 1 in Unarmed Combat
  1017 | D:1      | Reached XP level 3. HP: 21/21 MP: 5/8
  1115 | D:1      | Learned a level 2 spell: Blink
  1118 | D:1      | Learned a level 2 spell: Call Imp
  1122 | D:1      | Learned a level 3 spell: Mephitic Cloud
  2114 | D:2      | Noticed Sigmund
  2217 | D:2      | Reached XP level 4. HP: 26/27 MP: 4/9
  2318 | D:2      | Reached skill level 2 in Unarmed Combat
  2414 | D:2      | Killed Sigmund
  2415 | D:2      | Reached skill level 3 in Unarmed Combat
  2415 | D:2      | Reached skill level 1 in Shapeshifting
  2415 | D:2      | Reached XP level 5. HP: 31/31 MP: 3/11
  2415 | D:2      | Reached XP level 6. HP: 36/36 MP: 3/12
  2502 | D:2      | Noticed Terence
  2555 | D:2      | Killed Terence
  3343 | D:3      | Found a broken altar of Ashenzari.
  3429 | D:3      | Noticed Jessica
  3445 | D:3      | Killed Jessica
  3622 | D:3      | Noticed Natasha
  3667 | D:3      | Killed Natasha
  3723 | D:3      | Noticed Natasha
  3728 | D:3      | Killed Natasha
  4023 | D:3      | Noticed Natasha
  4030 | D:3      | Killed Natasha
  4134 | D:4      | Noticed an orc warrior
  4251 | D:4      | Noticed a black bear
  4259 | D:4      | Killed a black bear
  4260 | D:4      | Reached skill level 1 in Poison Magic
  4260 | D:4      | Reached XP level 7. HP: 36/41 MP: 7/14
  4381 | D:4      | Reached skill level 5 in Spellcasting
  4584 | D:4      | Reached skill level 4 in Unarmed Combat
  4821 | D:4      | Reached XP level 8. HP: 25/46 MP: 14/16
  4986 | D:4      | Found Dickow's Self-Published Books.
  5401 | D:5      | Entered Level 5 of the Dungeon
  5405 | D:5      | Reached skill level 5 in Unarmed Combat
  5561 | D:5      | Found an iron altar of Okawaru.
  5752 | D:5      | Learned a level 3 spell: Call Canine Familiar
  6180 | D:5      | Reached XP level 9. HP: 23/51 MP: 8/18
  6567 | D:5      | Reached skill level 6 in Unarmed Combat
  8827 | D:7      | Found a radiant altar of Vehumet.
  8858 | D:7      | Found a sparkling altar of Nemelex Xobeh.
  8873 | D:7      | Found a staircase to the Ecumenical Temple.
  8882 | Temple   | Entered the Ecumenical Temple
  8900 | Temple   | Became a worshipper of the Wu Jian Council
  9072 | D:7      | Found Hiocejea's Assorted Antiques.
  9302 | D:7      | Identified the +4 quarterstaff "Pir Xaoss" {antimagic, rC+}
  9401 | D:8      | Reached skill level 5 in Shapeshifting
  9403 | D:8      | Reached skill level 7 in Unarmed Combat
  9659 | D:8      | Found a flagged portal.
  9668 | Bailey   | Entered a bailey
  9713 | Bailey   | Reached XP level 10. HP: 39/56 MP: 15/19
 10242 | Bailey   | Noticed an orc knight
 10242 | Bailey   | Noticed an orc knight
 10309 | Bailey   | HP: 2/56 [orc knight/+0 trident (17)]
 10327 | Bailey   | Killed an orc knight
 10328 | Bailey   | Reached skill level 1 in Air Magic
 10662 | Bailey   | Killed an orc knight
 10663 | Bailey   | Reached skill level 8 in Unarmed Combat
 10736 | Bailey   | Acquired 825 gold pieces
 10764 | D:8      | Reached * piety under Wu Jian
 11162 | D:8      | Reached skill level 1 in Fighting
 11300 | D:8      | Noticed Pikel
 11306 | D:8      | Killed Pikel
 12081 | D:9      | Reached XP level 11. HP: 62/64 MP: 9/20
 12345 | D:9      | Found Puqul's Assorted Antiques.
 12349 | D:9      | Bought a dented platinum amulet for 165 gold pieces
 12634 | D:9      | Reached ** piety under Wu Jian
 12635 | D:9      | Reached skill level 9 in Unarmed Combat
 13304 | D:10     | Entered Level 10 of the Dungeon
 13351 | D:10     | Noticed Maggie
 13357 | D:10     | Killed Maggie
 13720 | D:10     | Found a staircase to the Lair.
 13743 | D:10     | HP: 3/68 [large slime creature (37)]
 13745 | D:10     | Mangled by a slime creature

Illustrated notes

Levels and vault maps discovered:
D:1:      dpeg_arrival_solitude, layout_loops_ring, serial_co_window_serial,
          co_window_paths_a, co_window_corner_a, co_window_paths_a,
          co_window_paths_b, co_window_paths_b, co_window_paths_a,
          co_window_paths_a, co_window_corner_a, co_window_cross_1,
          co_window_broadway_a, co_window_2corner, co_window_2corner,
          glass_columns_a, glass_columns_b, dilly_ecumenical_altar_fadedgnrine
D:2:      layout_basic, serial_glass, glass_columns_c, glass_columns_a,
          uniq_terence, uniq_sigmund
D:3:      layout_basic, nicolae_ashenzari_skybound, reono_crystal_passage,
          uniq_jessica, uniq_natasha
D:4:      layout_basic, nicolae_custom_books
D:5:      layout_loops_cross, okawaru_gym_becter,
          minmay_fractal_squares_diagonal_5
D:6:      layout_cave_pods
D:7:      layout_loops_corners, mainiacjoe_overflow_swirl,
          minmay_temple_entry_mini_moons, serial_shops, shop
D:8:      layout_basic, enter_bailey_8, uniq_pikel
D:9:      layout_basic, serial_shops, shop
D:10:     layout_basic, nicolae_dithmenos_through_a_glass_darkly,
          erik_lair_orcish_takeover, david_orc_4, uniq_maggie
Temple:   bh_familiar_temple

Skill      XL: |  1  2  3  4  5  6  7  8  9 10 11 |
---------------+----------------------------------+-----
Unarmed Combat | 1 3 4 5 7 8 9 |  9.5
Spellcasting   | 4 5 6 |  6.4
Conjurations   | 2 3 |  3.2
Shapeshifting  | 1 2 3 5 7 8 |  8.7
Summonings     | 2 4 |  4.7
Poison Magic   | 1 2 3 4 |  4.5
Translocations | 3 4 |  4.2
Air Magic      | 3 |  3.5
Fighting       | 2 3 |  3.7
Dodging        | |  2.0
Stealth        | |  2.6

Action                     |  1- 3 |  4- 6 |  7- 9 | 10-12 || total
---------------------------+-------+-------+-------+-------++-------
  Melee: Unarmed           |    93 |    33 |    89 |    25 ||   240
         Constrict         |    33 |    10 |    42 |    40 ||   125
         Tentacles         |    17 |    14 |    54 |    68 ||   153
         Punch             |     1 |     1 |    14 |    19 ||    35
         Dagger            |       |       |    90 |   179 ||   269
   Cast: Magic Dart        |    52 |    21 |    19 |     4 ||    96
         Call Imp          |     3 |    18 |    52 |    37 ||   110
         Call Canine Famil |       |       |    41 |    44 ||    85
         Mephitic Cloud    |       |       |     1 |     8 ||     9
Ability: Lunge             |       |       |     3 |    40 ||    43
         Whirlwind         |       |       |       |     1 ||     1
  Evoke: Wand              |       |       |     1 |     1 ||     2
    Use: Scroll            |       |       |    18 |     4 ||    22
   Stab: Sleeping          |     7 |     3 |     3 |     3 ||    16
         Distracted        |       |     1 |       |     3 ||     4
         Confused          |       |       |       |     1 ||     1
 Armour: Skin              |    31 |    24 |    72 |    86 ||   213
  Dodge: Dodged            |    43 |    29 |    99 |   183 ||   354
   Form: Beast             |     1 |       |       |       ||     1

Table legend: (Time is in decaauts)
 A = Elapsed time spent in this place.
 B = Non-inter-level travel time spent in this place.
 C = Inter-level travel time spent in this place.
 D = Time resting spent in this place.
 E = Time spent auto-exploring this place.
 F = Levels seen in this place.
 G = Mean time per level.
                   A        B        C        D        E       F      G
               +--------+--------+--------+--------+--------+-----+--------+
         Total |  13746 |  12791 |    955 |   2463 |   6365 |  12 | 1145.5 |
       Dungeon |  12599 |  11718 |    881 |   2047 |   6351 |  10 | 1259.9 |
        Temple |     76 |      2 |     74 |      0 |      0 |   1 |   76.0 |
        Bailey |   1070 |   1070 |      0 |    416 |     14 |   1 | 1070.0 |
               +--------+--------+--------+--------+--------+-----+--------+

Top non-repeatable levels by time:
     D:2: 1604 daAuts
     D:9: 1462 daAuts
     D:1: 1457 daAuts
     D:5: 1442 daAuts
     D:8: 1437 daAuts
     D:4: 1401 daAuts
     D:3: 1159 daAuts
     D:7: 1138 daAuts
     D:6: 1094 daAuts
  Bailey: 1070 daAuts
    D:10: 400 daAuts
  Temple: 76 daAuts
